 Dungeon Crawl Stone Soup version 0.26.1-16-g4e020e15dc (webtiles) character file.

Game seed: 12522202991684239945

53 Froggeryz the Covert (level 3, 0/35 HPs)
             Began as a Gnoll Delver on Feb 21, 2023.
             Succumbed to a goblin's poison
             ... on level 2 of the Dungeon.
             The game lasted 00:01:27 (1156 turns).

Froggeryz the Covert (Gnoll Delver)                 Turns: 1156, Time: 00:01:27

Health: 0/35       AC:  3    Str: 15    XL:     3   Next: 89%
Magic:  4/4        EV: 14    Int: 12    God:
Gold:   110        SH:  0    Dex: 16    Spells: 4/4 levels left

rFire    . . .     SeeInvis .     - Unarmed
rCold    . . .     Faith    .   (no shield)
rNeg     . . .     Spirit   .   a - +0 leather armour
rPois    .         Reflect  .   (no helmet)
rElec    .         Harm     .   (no cloak)
rCorr    .         Rampage  .   (no gloves)
Will     .....                  (no boots)
Stlth    ++++......             (no amulet)
HPRegen  0.11/turn              (no ring)
MPRegen  0.09/turn              (no ring)

@: mighty, lethally poisoned (0 -> -17), hasted, very quick
A: distributed training, fangs 1, strong nose
a: no special abilities


You were on level 2 of the Dungeon.
You visited 1 branch of the dungeon, and saw 5 of its levels.

You collected 110 gold pieces.

Inventory:

Missiles
 k - 24 poisoned darts (quivered)
 m - 4 boomerangs
Armour
 a - a +0 leather armour (worn)
Wands
 f - a wand of digging (3)
 g - a wand of flame (18)
Scrolls
 b - a scroll of fog
 c - a scroll of magic mapping
 h - 4 scrolls of identify {unknown}
 i - a scroll of amnesia {unknown}
 j - a scroll of teleportation {unknown}
 l - a scroll of enchant weapon {unknown}
 p - a scroll of immolation {unknown}
 r - a scroll of enchant armour {unknown}


   Skills:
 + Level 6.5 Fighting
 + Level 1.0 Short Blades
 + Level 1.0 Long Blades
 + Level 1.0 Axes
 + Level 1.0 Maces & Flails
 + Level 1.0 Polearms
 + Level 1.0 Staves
 + Level 1.0 Slings
 + Level 1.0 Bows
 + Level 1.0 Crossbows
 + Level 1.0 Throwing
 + Level 1.0 Armour
 + Level 4.6 Dodging
 + Level 9.5 Stealth
 + Level 1.0 Shields
 + Level 4.6 Unarmed Combat
 + Level 1.0 Spellcasting
 + Level 0.7 Conjurations
 + Level 0.7 Hexes
 + Level 0.7 Summonings
 + Level 0.7 Necromancy
 + Level 0.7 Translocations
 + Level 0.7 Transmutations
 + Level 0.7 Fire Magic
 + Level 0.7 Ice Magic
 + Level 0.7 Air Magic
 + Level 0.7 Earth Magic
 + Level 0.7 Poison Magic
 + Level 1.0 Invocations
 + Level 1.0 Evocations


You had 4 spell levels left.
You didn't know any spells.
Your spell library was empty.

Dungeon Overview and Level Annotations

Branches:
Dungeon (5/15)
 Temple: D:4-7

Altars:

Annotations:
D:2 Robin


Innate Abilities, Weirdness & Mutations

Your experience applies equally to all skills.
You have very sharp teeth.
Your uncanny sense of smell can sniff out nearby items.


Message History

Okay, then.
You feel yourself speed up.
* * * LOW HITPOINT WARNING * * *
You feel sick.
The frilled lizard hisses angrily.
A hobgoblin comes into view.
The goblin closely misses you.
* * * LOW HITPOINT WARNING * * *
You feel sick.
The frilled lizard unfolds its giant frill.
* * * LOW HITPOINT WARNING * * *
You feel sick.
* * * LOW HITPOINT WARNING * * *
You feel sick.
Okay, then.
You aren't carrying any potions.
Sorry, you're not good enough to have a special ability.
As you read the scroll labelled QAERGH IMEGENT, it crumbles to dust.
You feel blessed for a moment.
It was a scroll of remove curse.
You die...

....# #....##......
....+
######..8.+.......
....#
#....'.8†.#.......
....+
#....#....#...####
....# #....###+##∆
....# #........#
....# #........#
....# #........#
....# #@.......#
##### #........#
##+#g†.[....#
#...........#
#...........#
..g.).l...........#
...g..g#.#..........
.......#.####........
.......#.# #........


You could see a goblin (strong).

Vanquished Creatures
  2 adders (D:2)
  2 worms
  A dart slug (D:2)
  A leopard gecko (D:4)
  A giant cockroach (D:2)
  7 goblins
  4 hobgoblins
  2 jackals (D:1)
  A frilled lizard (D:2)
  3 kobolds (D:1)
  A rat (D:1)
25 creatures vanquished.

Notes
Turn   | Place    | Note
-------+----------+-------------------------------------------
     0 | D:5      | Reached skill level 9 in Stealth
     0 | D:5      | Froggeryz the Gnoll Delver began the quest for the Orb.
     0 | D:5      | Reached XP level 1. HP: 23/23 MP: 1/1
     1 | D:5      | Noticed a sky beast
   143 | D:1      | Reached XP level 2. HP: 28/29 MP: 2/2
   913 | D:2      | Reached XP level 3. HP: 32/35 MP: 2/4
  1063 | D:2      | Reached skill level 1 in Invocations
  1139 | D:2      | Noticed Robin
  1140 | D:2      | Reached skill level 1 in Short Blades
  1140 | D:2      | Reached skill level 1 in Long Blades
  1140 | D:2      | Reached skill level 1 in Axes
  1140 | D:2      | Reached skill level 1 in Maces & Flails
  1140 | D:2      | Reached skill level 1 in Polearms
  1140 | D:2      | Reached skill level 1 in Staves
  1140 | D:2      | Reached skill level 1 in Slings
  1140 | D:2      | Reached skill level 1 in Bows
  1140 | D:2      | Reached skill level 1 in Crossbows
  1140 | D:2      | Reached skill level 1 in Throwing
  1140 | D:2      | Reached skill level 1 in Armour
  1140 | D:2      | Reached skill level 1 in Shields
  1140 | D:2      | Reached skill level 1 in Spellcasting
  1140 | D:2      | Reached skill level 1 in Evocations
  1155 | D:2      | HP: 1/35 [poisoned by a goblin]
  1156 | D:2      | Succumbed to a goblin's poison

Illustrated notes

Levels and vault maps discovered:
D:1:      lemuel_arrival_room, layout_basic
D:2:      layout_basic, kennysheep_generic_room_14, uniq_robin, uniq_natasha
D:3:      minmay_razor_zed, layout_basic
D:4:      layout_loops_cross
D:5:      cheibrodos_thug_alley, layout_gridville,
          nicolae_overflow_crystal_walls, minmay_temple_entry_gardened_gates

Skill      XL: |  1  2  3 |
---------------+----------+-----
Stealth        | |  9.5
Invocations    | 1 |  1.0
Short Blades   | 1 |  1.0
Long Blades    | 1 |  1.0
Axes           | 1 |  1.0
Maces & Flails | 1 |  1.0
Polearms       | 1 |  1.0
Staves         | 1 |  1.0
Slings         | 1 |  1.0
Bows           | 1 |  1.0
Crossbows      | 1 |  1.0
Throwing       | 1 |  1.0
Armour         | 1 |  1.0
Shields        | 1 |  1.0
Spellcasting   | 1 |  1.0
Evocations     | 1 |  1.0
Fighting       | |  6.5
Dodging        | |  4.6
Unarmed Combat | |  4.6
Conjurations   | |  0.7
Hexes          | |  0.7
Summonings     | |  0.7
Necromancy     | |  0.7
Translocations | |  0.7
Transmutations | |  0.7
Fire Magic     | |  0.7
Ice Magic      | |  0.7
Air Magic      | |  0.7
Earth Magic    | |  0.7
Poison Magic   | |  0.7

Action                   || total
-------------------------++-------
Melee: Unarmed           ||    88
       Bite              ||    10
       Punch             ||     4
  Use: Potion            ||     3
       Scroll            ||     2
 Stab: Sleeping          ||     9
Armor: Leather armour    ||    15
Dodge: Dodged            ||    58
